 Dungeon Crawl Stone Soup version 0.31.0-11-ge490571c62 (webtiles) character file.

Game seed: 13916786272503725803

1211 qw the Skirmisher (level 8, -13/40 HPs)
             Began as a Spriggan Hunter on Feb 4, 2024.
             Mangled by an orc warrior
             ... wielding a +0 halberd
              (20 damage)
             ... on level 5 of the Dungeon.
             The game lasted 00:00:25 (3643 turns).

qw the Skirmisher (Spriggan Hunter)                 Turns: 3643, Time: 00:00:26

Health: -13/40     AC:  5    Str:  7    XL:     8   Next: 22%
Magic:  9/9        EV: 23    Int: 10    God:
Gold:   167        SH:  0    Dex: 21    Spells: 7/7 levels left

rFire   + + .        a - +1 shortbow (flame)
rCold   . . .        (shield currently unavailable)
rNeg    . . .        m - +1 robe "Mubihaucw" {rPois rCorr}
rPois   +            i - +2 hat
rElec   .            (no cloak)
rCorr   +            (gloves unavailable)
SInv    +            (boots unavailable)
Will    +....        e - amulet of faith
Stlth   ++           n - ring of protection from fire
HPRegen 0.26/turn    b - ring of protection from fire
MPRegen 0.11/turn

%: faith
@: very quick
A: very small, no large weapons, unfitting armour, see invisible, speed 3
a: no special abilities


You were on level 5 of the Dungeon.
You visited 1 branch of the dungeon, and saw 6 of its levels.

You collected 167 gold pieces.


Innate Abilities, Weirdness & Mutations

You are very small and have problems with some larger weapons.
You are too small for most types of armour.
You have supernaturally acute eyesight. (SInv)
You cover ground extremely quickly. (Speed+++)


   Skills:
 - Level 3.0 Fighting
 + Level 8.3 Ranged Weapons
 - Level 8.1 Dodging
 - Level 1.5 Stealth


You had 7 spell levels left.
You didn't know any spells.
Your spell library was empty.

Inventory:

Hand Weapons
 a - a +1 shortbow of flaming (weapon)
Armour
 i - a +2 hat (worn)
 m - the +1 robe "Mubihaucw" (worn) {rPois rCorr}
   (You found it on level 5 of the Dungeon)

   rPois:     It protects you from poison rCorr: It protects you from acid and
   corrosion.
Jewellery
 b - a ring of protection from fire (right hand)
 e - an amulet of faith (around neck)
 h - a ring of ice
 k - a ring of resist corrosion
 n - a ring of protection from fire (left hand)
Wands
 f - a wand of flame (30)
Potions
 d - a potion of curing
 g - a potion of mutation
 j - a potion of brilliance {unknown}
 o - a potion of haste {unknown}
 p - a potion of lignification {unknown}

Dungeon Overview and Level Annotations

Branches:
Dungeon (6/15)
 Temple: D:4-7

Altars:
Ru
Sif Muna
Vehumet
The Shining One

Shops:
D:4 :   D:5 [


Message History

The orc warrior hits you from afar with a +0 halberd!
3577 ||| STAIRDANCE The orc warrior completely misses you.
You climb upwards.
There is a stone staircase leading down here.
You start resting.
HP restored.
You climb downwards.
The orc wizard mumbles some strange words.
The orc wizard flickers and vanishes for a moment.
The orc warrior misses you.
The orc warrior hits you with a +0 halberd!
There is a stone staircase leading up here.
3636 ||| STAIRDANCE You climb upwards.
There is a stone staircase leading down here.
You shoot an arrow. The arrow hits the orc warrior.
The arrow burns the orc warrior.
The orc warrior is heavily wounded.
The orc warrior hits you with a +0 halberd!
You shoot an arrow.
The arrow barely misses the orc warrior.
The orc warrior hits you with a +0 halberd.
You shoot an arrow. The arrow hits the orc warrior.
The arrow burns the orc warrior.
The orc warrior is severely wounded.
The orc warrior closely misses you.
You shoot an arrow.
The arrow hits the orc warrior but does no damage.
The orc warrior is severely wounded.
The orc warrior hits you with a +0 halberd!
You shoot an arrow. The arrow hits the orc warrior.
The arrow burns the orc warrior.
The orc warrior is almost dead.
The orc warrior hits you with a +0 halberd.
You shoot an arrow.
The arrow closely misses the orc warrior.
The orc warrior hits you with a +0 halberd!!
Ouch! That really hurt!
You die...

##.## #.......##.....##.# #.#
#.......##..#.###.##### #.#
#.......##............. #.#
#.............######### #.#
##......###.########
####.###.......# #.###~~~~##
#>.....#......[# #.##~~..~~##
#.##.#.#.##....# #.#~~77.7~~###
#.##.#.#.##.#.@# #.+..7.8%..'.#
#.##.#.#.##..o.# #.+...8.7..'.#
#.##.#.#.......# ###~~7.77~~#.#
###.##.#.#......^# ##~~..~~##)#
.........#.##(...#######~~~~##..#
.#####.......###.......######..##
....##.###.#.# #.#######.####.###
.##.##.# #.#.###.# #.##......
.......# #......## #.##.#[###


You could see an orc warrior.

Vanquished Creatures
  Pikel (D:4)
  2 ogres (D:5)
  2 lemures (D:4)
  A kobold brigand (D:4)
  A scorpion (D:5)
  3 hounds
  A bombardier beetle (D:5)
  A sleepcap (D:5)
  2 iguanas (D:5)
  An orc wizard (D:5)
  7 gnolls
  7 adders
  A shadow imp (D:5)
  A white imp (D:5)
  A ribbon worm (D:2)
  2 dart slugs
  5 orcs
  2 ball pythons
  5 endoplasms
  3 giant cockroaches
  8 goblins
  6 hobgoblins
  5 jackals
  8 kobolds
  6 quokkas
  7 bats
  8 frilled lizards
  7 rats
104 creatures vanquished.

Notes
Turn   | Place    | Note
-------+----------+-------------------------------------------
     0 | D:1      | qw the Spriggan Hunter began the quest for the Orb.
     0 | D:1      | Reached XP level 1. HP: 10/10 MP: 2/2
     0 | D:1      | 0 ||| qw: Version: 0.3-a-160-g6735b56
     0 | D:1      | 0 ||| qw: Game counter: 4974
     0 | D:1      | 0 ||| qw: Melee chars always use a shield: true
     0 | D:1      | 0 ||| qw: God list: Okawaru
     0 | D:1      | 0 ||| qw: Allow faded altars: false
     0 | D:1      | 0 ||| qw: Do Orc after clearing Dungeon:15 true
     0 | D:1      | 0 ||| qw: Do second Lair branch before Depths: true
     0 | D:1      | 0 ||| qw: Lair rune preference: random
     0 | D:1      | 0 ||| qw: Goals: Normal
     0 | D:1      | 0 ||| PLANNING D:1-11
    35 | D:1      | Reached skill level 3 in Dodging
    58 | D:1      | 58 ||| RETREEEEATING.
    59 | D:1      | 59 ||| RETREEEEATING.
    61 | D:1      | 61 ||| RETREEEEATING.
    62 | D:1      | 62 ||| RETREEEEATING.
    63 | D:1      | 63 ||| RETREEEEATING.
    64 | D:1      | 64 ||| RETREEEEATING.
    65 | D:1      | 65 ||| RETREEEEATING.
    66 | D:1      | 66 ||| RETREEEEATING.
    76 | D:1      | Reached XP level 2. HP: 6/14 MP: 3/3
   300 | D:1      | Reached XP level 3. HP: 18/18 MP: 4/4
   395 | D:1      | 395 ||| UPGRADING to +2 hat.
   400 | D:1      | 400 ||| UPGRADING to ring of resist corrosion.
   401 | D:1      | 401 ||| READING scroll labelled YVYSTR JEDULA.
   402 | D:1      | 402 ||| READING scroll labelled TOZURE YK BEAR.
   402 | D:1      | 402 ||| ENCHANTING +0 shortbow.
   403 | D:1      | 403 ||| READING 2 scrolls labelled WYGRUPP BUEPOI.
   403 | D:1      | 403 ||| IDENTIFYING black potion
   404 | D:1      | 404 ||| READING scroll of identify.
   404 | D:1      | 404 ||| IDENTIFYING bubbling sapphire potion
   405 | D:1      | 405 ||| READING scroll labelled TUSEXUEZEO.
   406 | D:1      | 406 ||| DRINKING 2 golden potions.
   407 | D:1      | 407 ||| DRINKING 2 amethyst potions.
   408 | D:1      | 408 ||| DROPPING scroll of butterflies.
   409 | D:1      | 409 ||| DROPPING potion of degeneration.
   410 | D:1      | 410 ||| DROPPING potion of attraction.
   453 | D:2      | HP: 4/18 [ribbon worm (4)]
   454 | D:2      | 454 ||| DRINKING potion of heal wounds.
   865 | D:2      | 865 ||| UPGRADING to amulet of faith.
   870 | D:2      | 870 ||| READING scroll of identify.
   870 | D:2      | 870 ||| IDENTIFYING fizzy white potion
   871 | D:2      | 871 ||| READING scroll labelled TUGICE BONO.
   871 | D:2      | 871 ||| BRANDING +1 shortbow.
   988 | D:3      | Reached XP level 4. HP: 12/22 MP: 5/5
   997 | D:3      | 997 ||| FLEEEEING.
   999 | D:3      | 999 ||| FLEEEEING.
  1000 | D:3      | 1000 ||| FLEEEEING.
  1001 | D:3      | 1001 ||| FLEEEEING.
  1002 | D:3      | 1002 ||| FLEEEEING.
  1003 | D:3      | 1003 ||| FLEEEEING.
  1004 | D:3      | 1004 ||| FLEEEEING.
  1005 | D:3      | 1005 ||| FLEEEEING.
  1006 | D:3      | 1006 ||| FLEEEEING.
  1007 | D:3      | 1007 ||| FLEEEEING.
  1008 | D:3      | 1008 ||| FLEEEEING.
  1009 | D:3      | 1009 ||| FLEEEEING.
  1013 | D:3      | 1013 ||| FLEEEEING.
  1014 | D:3      | 1014 ||| FLEEEEING.
  1015 | D:3      | 1015 ||| FLEEEEING.
  1016 | D:3      | 1016 ||| FLEEEEING.
  1017 | D:3      | 1017 ||| FLEEEEING.
  1018 | D:3      | 1018 ||| FLEEEEING.
  1020 | D:3      | 1020 ||| FLEEEEING.
  1021 | D:3      | 1021 ||| FLEEEEING.
  1022 | D:3      | 1022 ||| FLEEEEING.
  1023 | D:3      | 1023 ||| FLEEEEING.
  1024 | D:3      | 1024 ||| FLEEEEING.
  1025 | D:3      | 1025 ||| FLEEEEING.
  1026 | D:3      | 1026 ||| FLEEEEING.
  1029 | D:3      | 1029 ||| FLEEEEING.
  1030 | D:3      | 1030 ||| FLEEEEING.
  1031 | D:3      | 1031 ||| FLEEEEING.
  1032 | D:3      | 1032 ||| FLEEEEING.
  1033 | D:3      | 1033 ||| FLEEEEING.
  1034 | D:3      | 1034 ||| FLEEEEING.
  1035 | D:3      | 1035 ||| FLEEEEING.
  1036 | D:3      | 1036 ||| FLEEEEING.
  1037 | D:3      | 1037 ||| FLEEEEING.
  1038 | D:3      | 1038 ||| FLEEEEING.
  1042 | D:3      | 1042 ||| FLEEEEING.
  1043 | D:3      | 1043 ||| FLEEEEING.
  1044 | D:3      | 1044 ||| FLEEEEING.
  1045 | D:3      | 1045 ||| FLEEEEING.
  1046 | D:3      | 1046 ||| FLEEEEING.
  1596 | D:3      | 1596 ||| UPGRADING to ring of protection from fire.
  1597 | D:3      | 1597 ||| READING scroll of identify.
  1597 | D:3      | 1597 ||| IDENTIFYING lumpy black potion
  1598 | D:3      | 1598 ||| READING 3 scrolls labelled JIT AFEBLOXICZA.
  1699 | D:3      | 1699 ||| READING 2 scrolls labelled BUMOET EDEM.
  1700 | D:3      | 1700 ||| DROPPING 2 scrolls of silence.
  1701 | D:3      | 1701 ||| DROPPING potion of ambrosia.
  1702 | D:3      | 1702 ||| DROPPING scroll of poison.
  1704 | D:3      | 1704 ||| Stepping ~*~*~tactically~*~*~ (cloud).
  1862 | D:4      | Reached XP level 5. HP: 26/26 MP: 6/6
  1909 | D:4      | Found Hegoorano's Book Boutique.
  1917 | D:4      | Noticed a lemure
  1918 | D:4      | Noticed a lemure
  1918 | D:4      | Noticed a lemure
  1918 | D:4      | Noticed Pikel
  1919 | D:4      | 1919 ||| RETREEEEATING.
  1923 | D:4      | Killed a lemure
  1925 | D:4      | Noticed a lemure
  1939 | D:4      | Killed a lemure
  1944 | D:4      | HP: 2/26 [Pikel/+2 whip of flaming (11)]
  1945 | D:4      | 1945 ||| DRINKING potion of heal wounds.
  1950 | D:4      | Killed Pikel
  1951 | D:4      | Reached XP level 6. HP: 30/30 MP: 7/7
  1951 | D:4      | Reached XP level 7. HP: 35/35 MP: 8/8
  2253 | D:4      | 2253 ||| FLEEEEING.
  2254 | D:4      | 2254 ||| FLEEEEING.
  2255 | D:4      | 2255 ||| FLEEEEING.
  2256 | D:4      | 2256 ||| FLEEEEING.
  2352 | D:4      | 2352 ||| FLEEEEING.
  2353 | D:4      | 2353 ||| FLEEEEING.
  2354 | D:4      | 2354 ||| FLEEEEING.
  2355 | D:4      | 2355 ||| FLEEEEING.
  2356 | D:4      | 2356 ||| DRINKING 2 potions of curing.
  2356 | D:4      | 2356 ||| (to cure poison)
  2410 | D:4      | Reached skill level 6 in Dodging
  2429 | D:4      | Found a glowing golden altar of the Shining One.
  2440 | D:4      | Found a shimmering blue altar of Sif Muna.
  2789 | D:5      | Entered Level 5 of the Dungeon
  2844 | D:5      | Found Guaholi's Antique Armour Shoppe.
  2925 | D:5      | Found a radiant altar of Vehumet.
  2975 | D:5      | Identified the +1 robe "Mubihaucw" {rPois rCorr}
  3243 | D:5      | Reached XP level 8. HP: 39/39 MP: 9/9
  3322 | D:5      | Reached skill level 3 in Fighting
  3422 | D:5      | Found a sacrificial altar of Ru.
  3545 | D:5      | 3545 ||| UPGRADING to +1 robe "Mubihaucw" {rPois rCorr}.
  3555 | D:5      | 3555 ||| REMOVING ring of resist corrosion.
  3556 | D:5      | 3556 ||| DROPPING +0 robe.
  3557 | D:5      | 3557 ||| UPGRADING to ring of protection from fire.
  3558 | D:5      | 3558 ||| READING scroll labelled ONWAGOEHYRER.
  3577 | D:6      | 3577 ||| STAIRDANCE
  3636 | D:6      | 3636 ||| STAIRDANCE
  3641 | D:5      | HP: 8/40 [orc warrior/+0 halberd (10)]
  3643 | D:5      | Mangled by an orc warrior

Levels and vault maps discovered:
D:1:      tarquinn_simple_flora_water_a, layout_rooms
D:2:      layout_rooms, minmay_tetromino_o4
D:3:      layout_loops_ring
D:4:      layout_loops_corners, mainiacjoe_overflow_catch_the_wave,
          kennysheep_windowed_goal, uniq_pikel
D:5:      layout_loops_cross, lemuel_crystal_altar,
          nicolae_ru_great_annihilating_truth, nicolae_take_the_stairs,
          kennysheep_generic_room_3
D:6:      layout_rooms, nicolae_figureground_sparkle

Skill      XL: |  1  2  3  4  5  6  7  8 |
---------------+-------------------------+-----
Dodging        | 3 4 5 8 |  8.1
Ranged Weapons | 5 7 8 |  8.3
Fighting       | 2 3 |  3.0
Stealth        | |  1.5

Action                     |  1- 3 |  4- 6 |  7- 9 || total
---------------------------+-------+-------+-------++-------
   Fire: Shortbow          |   116 |    74 |   158 ||   348
    Use: Scroll            |     7 |     3 |     1 ||    11
         Potion            |     3 |     1 |     1 ||     5
 Armour: Robe              |    22 |     8 |    18 ||    48
  Dodge: Dodged            |    50 |    48 |    52 ||   150

Table legend:
 A = Non-vault XP
 B = Vault XP
 C = Vault XP percentage of total XP
 D = Non-vault monster count
 E = Vault monster count
 F = Vault count percentage of total count
                 A         B        C        D         E       F
            +---------+---------+-------+---------+---------+-------
      Total |     999 |     731 |  42.3 |      89 |      13 |  12.7
            +---------+---------+-------+---------+---------+-------
        D:1 |      48 |       0 |   0.0 |      29 |       0 |   0.0
        D:2 |      13 |      18 |  58.1 |       7 |       4 |  36.4
        D:3 |      81 |       0 |   0.0 |      19 |       0 |   0.0
        D:4 |     233 |     647 |  73.5 |      16 |       4 |  20.0
        D:5 |     624 |      66 |   9.6 |      18 |       5 |  21.7
            +---------+---------+-------+---------+---------+-------
